 Dungeon Crawl Stone Soup version 0.29.1-15-g9cfb28693d (webtiles) character file.

Game seed: 15083679196129035786

9 Artool the Ducker (level 2, -3/22 HPs)
             Began as a Demonspawn Gladiator on Apr 5, 2023.
             Slain by a kobold
             ... wielding a +0 club
              (4 damage)
             ... on level 1 of the Dungeon.
             The game lasted 00:00:33 (540 turns).

Artool the Ducker (Demonspawn Gladiator)             Turns: 540, Time: 00:00:33

Health: -3/22      AC:  3    Str: 14    XL:     2   Next: 3%
Magic:  2/2        EV: 12    Int:  9    God:
Gold:   31         SH:  0    Dex: 14    Spells: 1/1 levels left

rFire   . . .      SeeInvis .   a - +0 flail
rCold   . . .      Faith    .   (no shield)
rNeg    . . .      Spirit   .   b - +0 leather armour
rPois   .          Reflect  .   (helmet restricted)
rElec   .          Harm     .   (no cloak)
rCorr   .          Rampage  .   (no gloves)
Will    .....                   (no boots)
Stlth   +.........              (no amulet)
HPRegen 0.07/turn               (no ring)
MPRegen 0.08/turn               (no ring)

@: no status effects
A: horns 1
a: no special abilities


You were on level 1 of the Dungeon.
You visited 1 branch of the dungeon, and saw 1 of its levels.

You collected 31 gold pieces.

Inventory:

Hand Weapons
 a - a +0 flail (weapon)
Missiles
 d - 3 throwing nets (quivered)
 e - a javelin
Armour
 b - a +0 leather armour (worn)
 c - a +0 helmet
Scrolls
 f - a scroll of enchant armour {unknown}
 g - 2 scrolls of identify {unknown}
 h - a scroll of enchant weapon {unknown}
 m - 2 scrolls of fear {unknown}
Potions
 i - a potion of lignification {unknown}
 j - 2 potions of invisibility {unknown}
 k - a potion of mutation {unknown}
 l - a potion of cancellation {unknown}


   Skills:
 + Level 2.1 Fighting
 + Level 2.8 Maces & Flails
 - Level 1.7 Throwing
 * Level 0.8 Armour
 + Level 2.8 Dodging


You had one spell level left.
You didn't know any spells.
Your spell library was empty.

Dungeon Overview and Level Annotations

Branches:
Dungeon (1/15)

Altars:


Innate Abilities, Weirdness & Mutations

You have a pair of small horns on your head.


Message History

The kobold hits you with a +0 club. The kobold barely misses you.
The kobold closely misses you. The kobold closely misses you.
The kobold closely misses you. The kobold misses you.
The kobold closely misses you. The kobold barely misses you.
The kobold hits you with a +0 club. The kobold barely misses you.
The kobold misses you. The kobold hits you but does no damage.
The kobold closely misses you. The kobold hits you with a +0 club.
* * * LOW HITPOINT WARNING * * *
The kobold closely misses you. The kobold closely misses you.
The kobold closely misses you. The kobold closely misses you.
The kobold hits you with a +0 club.
* * * LOW HITPOINT WARNING * * *
The kobold closely misses you. The kobold closely misses you.
The kobold misses you. The kobold misses you. The kobold closely misses you.
The kobold hits you with a +0 club.
* * * LOW HITPOINT WARNING * * *
The kobold closely misses you. The kobold barely misses you.
The kobold hits you but does no damage. The kobold hits you but does no damage.
The kobold hits you with a +0 club.
* * * LOW HITPOINT WARNING * * *
The kobold misses you. The kobold barely misses you.
The kobold barely misses you. The kobold closely misses you.
The kobold hits you with a +0 club.
You die...

.#..# #.#..........#
##.[# #.#..........#
#.....#.+..........#
##.##.###..........#
#.##.###..........#
#.....##.#+##+######
#.....##.#.........#
###.....##.#.........#
#........#.#....@K...#
..#...##.#.#.##.######
#.#...##...#.##.##
#..........#.##..##
###...###.##.##...##
#...# #..#...#..)#
##### ##.....#~~≈≈≈≈#
#####.#...#### #.>####


You could see a kobold.

Vanquished Creatures
  2 endoplasms (D:1)
  2 hobgoblins (D:1)
  A kobold (D:1)
  2 bats (D:1)
  A rat (D:1)
8 creatures vanquished.

Notes
Turn   | Place    | Note
-------+----------+-------------------------------------------
     0 | D:1      | Artool the Demonspawn Gladiator began the quest for the
                  | Orb.
     0 | D:1      | Reached XP level 1. HP: 16/16 MP: 1/1
   270 | D:1      | Discovered your monstrous ancestry.
   270 | D:1      | Gained mutation: You have a pair of small horns on your
                  | head. [demonic ancestry]
   270 | D:1      | Reached XP level 2. HP: 17/22 MP: 2/2
   535 | D:1      | HP: 1/22 [kobold/+0 club (2)]
   540 | D:1      | Slain by a kobold

Illustrated notes

Levels and vault maps discovered:
D:1:      reono_arrival_mine, layout_basic, serial_rivers,
          chequers_serial_rivers_room_b, chequers_serial_rivers_large_a,
          chequers_serial_rivers_small_b, chequers_serial_rivers_micro_d,
          chequers_serial_rivers_micro_b

Action                   || total
-------------------------++-------
Melee: Flail             ||    25
       Headbutt          ||     1
 Stab: Sleeping          ||     1
Armor: Leather armour    ||    14
Dodge: Dodged            ||    58
